 Dungeon Crawl Stone Soup version 0.31-a0-851-g7ff8af7976 (webtiles) character file.

Game seed: 7994732461894247543

1111 subawu the Ruffian (level 8, -8/60 HPs)
             Began as a Gnoll Shapeshifter on Oct 5, 2023.
             Killed by an exploding orc wizard (30 damage)
             ... ignited by their inner flame
             ... on level 5 of the Dungeon.
             The game lasted 00:17:27 (4824 turns).

subawu the Ruffian (Gnoll Shapeshifter)             Turns: 4824, Time: 00:17:28

Health: -8/60      AC: 10    Str: 16    XL:     8   Next: 33%
Magic:  12/12      EV:  9    Int: 10    God:
Gold:   320        SH:  0    Dex: 11    Spells: 13/13 levels left

rFire   . . .        E - melded +4 dagger
rCold   . . .        (shield currently unavailable)
rNeg    . . .        o - +0 chain mail
rPois   .            (no helmet)
rElec   .            (no cloak)
rCorr   .            n - +0 pair of gloves
SInv    .            (no boots)
Will    .....        (no amulet) Stlth
                     (no ring)
HPRegen 0.30/turn    (no ring)
MPRegen 0.13/turn

%: no passive effects
@: flux-form, glowing
A: glow, contaminating, fangs 1, strong nose, distributed training
a: Begin Untransformation


You were on level 5 of the Dungeon.
You were something dangerously unstable.
You visited 1 branch of the dungeon, and saw 5 of its levels.

You collected 320 gold pieces.

Inventory:

Hand Weapons
 E - a +4 dagger (melded)
Missiles
 t - 2 throwing nets
 v - 27 stones
Armour
 a - a +0 animal skin
 f - a +0 ring mail
 n - a +0 pair of gloves (worn)
 o - a +0 chain mail (worn)
Jewellery
 s - an amulet of faith
 C - a ring of positive energy
Talismans
 c - a beast talisman
 d - a flux talisman (active)
Wands
 r - a wand of quicksilver (17)
Scrolls
 h - 2 scrolls of identify
 j - 2 scrolls of enchant weapon
 l - 2 scrolls of noise {unknown}
 m - a scroll of enchant armour {unknown}
 p - a scroll of revelation {unknown}
 q - 2 scrolls of brand weapon {unknown}
 u - a scroll of amnesia {unknown}
 w - a scroll of vulnerability {unknown}
 y - 2 scrolls of blinking {unknown}
 B - a scroll of teleportation {unknown}
Potions
 e - a potion of magic
 g - 5 potions of haste
 x - a potion of ambrosia
 z - a potion of mutation {unknown}


   Skills:
 + Level 4.2 Fighting
 + Level 3.2 Short Blades
 + Level 3.2 Long Blades
 + Level 3.2 Axes
 + Level 3.2 Maces & Flails
 + Level 3.2 Polearms
 + Level 3.2 Staves
 + Level 3.2 Ranged Weapons
 + Level 3.2 Throwing
 + Level 3.2 Armour
 + Level 5.6 Dodging
 + Level 3.2 Stealth
 + Level 3.2 Shields
 + Level 7.3 Unarmed Combat
 + Level 3.2 Spellcasting
 + Level 2.6 Conjurations
 + Level 2.6 Hexes
 + Level 2.6 Summonings
 + Level 2.6 Necromancy
 + Level 2.6 Translocations
 + Level 2.6 Transmutations
 + Level 2.6 Fire Magic
 + Level 2.6 Ice Magic
 + Level 2.6 Air Magic
 + Level 2.6 Earth Magic
 + Level 2.6 Poison Magic
 + Level 3.5 Invocations
 + Level 3.2 Evocations
 + Level 7.2 Shapeshifting


You had 13 spell levels left.
You didn't know any spells.
Your spell library contained the following spells:

 Spells                   Type           Power      Damage    Failure   Level
 Poisonous Vapours        Pois/Air       12%        N/A       86%         2
 Mephitic Cloud           Conj/Pois/Air  6%         N/A       97%         3
 Freezing Cloud           Conj/Ice/Air   3%         6-21      100%        5


Dungeon Overview and Level Annotations

Branches:
Dungeon (5/15)             Temple (0/1) D:5

Altars:


Innate Abilities, Weirdness & Mutations

You are something dangerously unstable.
You glow with magical radiation, making you easy to see and hit.
Foes you strike become dangerously contaminated with magical radiation.
You are incapable of wielding weapons or throwing items.
You have very sharp teeth.
Your uncanny sense of smell can sniff out nearby items.
Your experience applies equally to all skills.


Message History

The orc closely misses you.
You hit something but do no damage.
The orc wizard begins to glow.
The orc wizard is severely wounded.
The orc wizard hits you but does no damage.
The orc hits you but does no damage. The orc completely misses you.
The orc hits you but does no damage. The orc hits you with a +0 whip.
The orc barely misses you.
As you read the scroll labelled ARELOU ZOEBRO, it crumbles to dust.
It is a scroll of enchant weapon.
Okay, then.
The orc wizard closely misses you. The orc closely misses you.
The orc hits you from afar with a +0 trident.
The orc hits you but does no damage. x3
As you read the scroll labelled XIGRAT ECYE, it crumbles to dust.
The creatures around you are filled with an inner flame!
It was a scroll of immolation.
The orc wizard hits you but does no damage.
The orc hits you but does no damage. The orc closely misses you.
The orc hits you but does no damage. x2; The orc misses you.
The orc hits you with a +0 mace.
Unknown command.
You barely miss the orc wizard. Your bite misses the orc wizard.
The orc wizard is severely wounded.
The orc priest closely misses you.
The orc wizard hits you but does no damage.
The orc barely misses you. The orc closely misses you.
The orc hits you but does no damage. The orc hits you with a +0 dagger.
The orc hits you but does no damage. The orc hits you with a +0 mace.
Unknown command.
You hit the orc wizard.
Flame seeps out of the orc wizard.
The orc wizard glows dangerously bright.
The orc wizard is severely wounded.
The orc priest hits you with a +0 flail.
The orc wizard is engulfed in blazing flames.
Reactivating autopickup.
The orc wizard explodes!
The fiery explosion engulfs the orc!
The fiery explosion engulfs the orc!!!
The fiery explosion engulfs you!!
Ouch! That really hurt!
You die...

#.## #%.#
#..###...#
#.......#
#.......#
#.......#
##§§§....##
#.§○§......
##.§po......
#..oooo.....
#...###.....
##..# #...
#..# .. #..#
. #.## #.##
∆ #..#


You could see an orc priest (inner flame) and 4 orcs.

Vanquished Creatures
  Grinder (D:3)
  An ice beast (D:5)
  The ghost of rageheart7 the Trooper, an amateur AtFi (D:3)
  A black bear (D:4)
  An ogre (D:4)
  A hound (D:4)
  2 orc priests
  A gnoll bouda (D:4)
  An iguana (D:4)
  A sleepcap (D:4)
  Jessica (D:3)
  Natasha (thrice) (D:3)
  Terence (D:3)
  2 orc wizards (D:5)
  Robin (D:3)
  5 adders
  5 gnolls
  2 white imps (D:5)
  5 worms
  2 dart slugs (D:3)
  18 orcs
  3 ball pythons
  4 endoplasms
  5 giant cockroaches
  10 goblins
  7 hobgoblins
  2 quokkas (D:1)
  4 bats
  4 frilled lizards
  14 kobolds
  5 rats
114 creatures vanquished.

Notes
Turn   | Place    | Note
-------+----------+-------------------------------------------
     0 | D:1      | subawu the Gnoll Shapeshifter began the quest for the Orb.
     0 | D:1      | Reached XP level 1. HP: 17/17 MP: 1/1
   148 | D:1      | Reached XP level 2. HP: 20/23 MP: 2/2
   481 | D:1      | Reached XP level 3. HP: 14/28 MP: 3/3
   913 | D:2      | Reached skill level 1 in Invocations
  1081 | D:2      | Reached skill level 1 in Short Blades
  1081 | D:2      | Reached skill level 1 in Long Blades
  1081 | D:2      | Reached skill level 1 in Axes
  1081 | D:2      | Reached skill level 1 in Maces & Flails
  1081 | D:2      | Reached skill level 1 in Polearms
  1081 | D:2      | Reached skill level 1 in Staves
  1081 | D:2      | Reached skill level 1 in Ranged Weapons
  1081 | D:2      | Reached skill level 1 in Throwing
  1081 | D:2      | Reached skill level 1 in Armour
  1081 | D:2      | Reached skill level 1 in Stealth
  1081 | D:2      | Reached skill level 1 in Shields
  1081 | D:2      | Reached skill level 1 in Spellcasting
  1081 | D:2      | Reached skill level 1 in Evocations
  1234 | D:2      | Reached XP level 4. HP: 20/34 MP: 5/5
  1942 | D:2      | Found a faded altar of an unknown god.
  2298 | D:3      | Found a runed translucent door.
  2313 | D:3      | Noticed rageheart7's ghost (amateur AtFi)
  2328 | D:3      | Reached skill level 1 in Conjurations
  2328 | D:3      | Reached skill level 1 in Hexes
  2328 | D:3      | Reached skill level 1 in Summonings
  2328 | D:3      | Reached skill level 1 in Necromancy
  2328 | D:3      | Reached skill level 1 in Translocations
  2328 | D:3      | Reached skill level 1 in Transmutations
  2328 | D:3      | Reached skill level 1 in Fire Magic
  2328 | D:3      | Reached skill level 1 in Ice Magic
  2328 | D:3      | Reached skill level 1 in Air Magic
  2328 | D:3      | Reached skill level 1 in Earth Magic
  2328 | D:3      | Reached skill level 1 in Poison Magic
  2359 | D:3      | Noticed Natasha
  2366 | D:3      | Killed Natasha
  2367 | D:3      | Reached XP level 5. HP: 38/40 MP: 5/7
  2424 | D:3      | Noticed Terence
  2434 | D:3      | Killed Terence
  2521 | D:3      | Noticed Robin
  2533 | D:3      | Killed Robin
  2578 | D:3      | Noticed Natasha
  2591 | D:3      | Killed Natasha
  2688 | D:3      | Noticed Natasha
  2694 | D:3      | Killed Natasha
  2694 | D:3      | Noticed Jessica
  2695 | D:3      | Reached XP level 6. HP: 43/47 MP: 8/8
  2705 | D:3      | Killed Jessica
  2851 | D:3      | Reached skill level 5 in Dodging
  3010 | D:3      | Noticed Grinder
  3016 | D:3      | Paralysed by Grinder for 2 turns
  3027 | D:3      | Killed Grinder
  3028 | D:3      | Reached XP level 7. HP: 5/52 MP: 10/10
  3259 | D:3      | Killed rageheart7's ghost
  3591 | D:4      | HP: 2/53 [gnoll/+0 whip[a gnoll bouda] (5)]
  4203 | D:4      | Reached XP level 8. HP: 60/60 MP: 12/12
  4494 | D:5      | Entered Level 5 of the Dungeon
  4769 | D:5      | Found a staircase to the Ecumenical Temple.
  4824 | D:5      | Killed by an exploding orc wizard... ignited by their inner
                  | flame

Illustrated notes

Levels and vault maps discovered:
D:1:      evilmike_arrival_plus, layout_loops_ring, minmay_misc_feat_alley
D:2:      layout_basic, hellmonk_ecumenical_altar_leap_of_faith,
          dk_noncrumbling_2, kennysheep_cross_room
D:3:      layout_loops_ring, hellmonk_ghost_happy_afterlife, uniq_robin,
          uniq_terence, uniq_natasha, uniq_jessica, uniq_grinder
D:4:      layout_loops_ring
D:5:      layout_layer_cave, lemuel_doored_altar,
          minmay_temple_entry_glassed_door, enter_ossuary_1

Skill      XL: |  1  2  3  4  5  6  7 |
---------------+----------------------+-----
Invocations    | 1 2 3 |  3.5
Short Blades   | 1 2 3 |  3.2
Long Blades    | 1 2 3 |  3.2
Axes           | 1 2 3 |  3.2
Maces & Flails | 1 2 3 |  3.2
Polearms       | 1 2 3 |  3.2
Staves         | 1 2 3 |  3.2
Ranged Weapons | 1 2 3 |  3.2
Throwing       | 1 2 3 |  3.2
Armour         | 1 2 3 |  3.2
Stealth        | 1 2 3 |  3.2
Shields        | 1 2 3 |  3.2
Spellcasting   | 1 2 3 |  3.2
Evocations     | 1 2 3 |  3.2
Conjurations   | 1 2 |  2.6
Hexes          | 1 2 |  2.6
Summonings     | 1 2 |  2.6
Necromancy     | 1 2 |  2.6
Translocations | 1 2 |  2.6
Transmutations | 1 2 |  2.6
Fire Magic     | 1 2 |  2.6
Ice Magic      | 1 2 |  2.6
Air Magic      | 1 2 |  2.6
Earth Magic    | 1 2 |  2.6
Poison Magic   | 1 2 |  2.6
Fighting       | 3 4 |  4.2
Dodging        | 5 |  5.6
Unarmed Combat | 7 |  7.3
Shapeshifting  | 7 |  7.2

Action                     |  1- 3 |  4- 6 |  7- 9 || total
---------------------------+-------+-------+-------++-------
  Melee: Unarmed           |    73 |   124 |   129 ||   326
         Bite              |     8 |     8 |    17 ||    33
         Punch             |     2 |     4 |     4 ||    10
         Dagger            |       |       |    21 ||    21
    Use: Scroll            |       |       |     5 ||     5
         Potion            |       |       |     6 ||     6
 Armour: Ring mail         |    46 |       |       ||    46
         Animal skin       |     4 |       |       ||     4
         Chain mail        |    12 |    92 |   168 ||   272
         Skin              |       |       |   100 ||   100
  Dodge: Dodged            |    39 |    63 |    94 ||   196
   Form: Flux              |       |       |     2 ||     2
                           |       |       |     1 ||     1

Table legend: (Time is in decaauts)
 A = Elapsed time spent in this place.
 B = Non-inter-level travel time spent in this place.
 C = Inter-level travel time spent in this place.
 D = Time resting spent in this place.
 E = Time spent auto-exploring this place.
 F = Levels seen in this place.
 G = Mean time per level.
                   A        B        C        D        E       F      G
               +--------+--------+--------+--------+--------+-----+--------+
         Total |   4792 |   4507 |    285 |    715 |   2404 |   5 |  958.4 |
       Dungeon |   4792 |   4507 |    285 |    715 |   2404 |   5 |  958.4 |
               +--------+--------+--------+--------+--------+-----+--------+

Top non-repeatable levels by time:
     D:3: 1405 daAuts
     D:2: 1318 daAuts
     D:4: 996 daAuts
     D:1: 767 daAuts
     D:5: 305 daAuts
